 Dungeon Crawl Stone Soup version 0.28.0 (webtiles) character file.

Game seed: 17394192529152732878

206 Alacron the Covered (level 5, -6/47 HPs)
             Began as a Hill Orc Fighter on Feb 16, 2022.
             Killed from afar by an orc wizard (8 damage)
             ... with a magic dart
             ... on level 4 of the Dungeon.
             The game lasted 00:07:09 (3587 turns).

Alacron the Covered (Hill Orc Fighter)              Turns: 3587, Time: 00:07:10

Health: -6/47      AC: 11    Str: 21    XL:     5   Next: 84%
Magic:  5/5        EV:  9    Int:  8    God:
Gold:   146        SH:  4    Dex: 10    Spells: 4/4 levels left

rFire   . . .      SeeInvis .   a - +0 war axe
rCold   . . .      Faith    .   c - +0 buckler
rNeg    . . .      Spirit   .   b - +0 scale mail
rPois   .          Reflect  .   f - +0 helmet
rElec   .          Harm     .   q - +0 cloak
rCorr   .          Rampage  .   y - +0 pair of gloves
Will    .....                   (no boots)
Stlth   ..........              (no amulet)
HPRegen 0.15/turn               (no ring)
MPRegen 0.09/turn               (no ring)

@: lethally poisoned (-6 -> -12)
A: no striking features
a: no special abilities


You were on level 4 of the Dungeon.
You visited 1 branch of the dungeon, and saw 4 of its levels.

You collected 146 gold pieces.

Inventory:

Hand Weapons
 a - a +0 war axe (weapon)
 p - a +4 quarterstaff of chaos
Armour
 b - a +0 scale mail (worn)
 c - a +0 buckler (worn)
 f - a +0 helmet (worn)
 q - a +0 cloak (worn)
 y - a +0 pair of gloves (worn)
Scrolls
 e - a scroll of blinking {unknown}
 k - a scroll of fear {unknown}
 l - a scroll of magic mapping {unknown}
 m - a scroll of immolation {unknown}
 n - 2 scrolls of fog {unknown}
 o - 3 scrolls of identify {unknown}
 r - 2 scrolls of enchant weapon {unknown}
 s - 2 scrolls of noise {unknown}
 t - a scroll of amnesia {unknown}
 u - 2 scrolls of vulnerability {unknown}
 x - a scroll of enchant armour {unknown}
Potions
 d - 2 potions of might
 g - a potion of heal wounds {unknown}
 h - a potion of curing {unknown}
 i - 2 potions of magic {unknown}
 j - a potion of flight {unknown}
 v - a potion of ambrosia {unknown}
 w - a potion of attraction {unknown}


   Skills:
 + Level 4.7 Fighting
 - Level 4.1 Axes
 * Level 4.9 Armour
 - Level 1.1 Dodging
 - Level 3.9 Shields


You had 4 spell levels left.
You didn't know any spells.
Your spell library was empty.

Dungeon Overview and Level Annotations

Branches:
Dungeon (4/15)
 Temple: D:4-7

Altars:
Ashenzari


Message History

The kobold brigand throws a poisoned dart.
The poisoned dart hits you!
You are poisoned.
You feel very sick.
The kobold brigand throws a poisoned dart.
A hobgoblin comes into view.
You feel sick.
The hobgoblin shouts!
You hear a shout!
You feel sick.
You hear some strange, mumbled words.
You are confused.
You feel sick.
The kobold brigand throws a poisoned dart.
You feel sick.
The kobold brigand throws a poisoned dart.
The poisoned dart hits you!
You are more poisoned.
You bump into the rock wall.
You feel sick. Something hits you but does no damage.
The kobold brigand throws a poisoned dart.
The poisoned dart hits you!
You are lethally poisoned!
You completely miss something. You barely miss the hobgoblin.
* * * LOW HITPOINT WARNING * * *
You feel very sick. The hobgoblin hits you.
* * * LOW HITPOINT WARNING * * *
Something hits you but does no damage. The hobgoblin closely misses you.
* * * LOW HITPOINT WARNING * * *
You feel very sick.
You bump into the rock wall.
You feel less confused.
* * * LOW HITPOINT WARNING * * *
You feel sick. Something hits you but does no damage.
The hobgoblin barely misses you.
* * * LOW HITPOINT WARNING * * *
You feel sick.
A magic dart appears from out of thin air!
The magic dart hits you!
You die...

#. ##.## .# #.##P.P# .#####
....... ##.#... #....## .....#.#
#..... #..... #....######..#
#......K{g.# #)#######.## #.#
#@# ##'## ### #.##...## #####
#.#.....## ### #.... #........##
#(##..#### #.##.
###.........####....†#.#####.#..
............'..#....†..†........
.........(..####....##..†###.#..
##.#.>.....## ##...#....# #.##.


You could see a hobgoblin.

Vanquished Creatures
  Crazy Yiuf (D:2)
  Jessica (D:3)
  An iguana (D:4)
  4 adders
  2 worms
  A dart slug (D:1)
  7 orcs
  3 ball pythons (D:1)
  5 bats
  4 endoplasms
  4 giant cockroaches
  5 hobgoblins
  6 jackals
  7 kobolds
  5 quokkas
  2 frilled lizards (D:1)
  A goblin (D:1)
  21 rats
80 creatures vanquished.

Vanquished Creatures (others)
  4 fungi (D:2)
4 creatures vanquished.

Grand Total: 84 creatures vanquished

Notes
Turn   | Place    | Note
-------+----------+-------------------------------------------
     0 | D:1      | Alacron the Hill Orc Fighter began the quest for the Orb.
     0 | D:1      | Reached XP level 1. HP: 19/19 MP: 1/1
    92 | D:1      | Reached XP level 2. HP: 17/27 MP: 2/2
   481 | D:1      | Reached XP level 3. HP: 32/33 MP: 3/3
  1083 | D:2      | Noticed an ogre
  1294 | D:2      | Reached XP level 4. HP: 38/40 MP: 4/4
  1525 | D:2      | Found a broken altar of Ashenzari.
  1551 | D:2      | Reached skill level 1 in Dodging
  1786 | D:3      | Noticed an ice beast
  1905 | D:2      | Found a runed translucent door.
  1906 | D:2      | Noticed Crazy Yiuf
  2061 | D:2      | Killed Crazy Yiuf
  2424 | D:3      | Reached XP level 5. HP: 47/47 MP: 5/5
  2815 | D:3      | Noticed Jessica
  2818 | D:3      | Killed Jessica
  3567 | D:4      | Noticed a kobold brigand
  3587 | D:4      | HP: 2/47 [poisoned by a kobold brigand]
  3587 | D:4      | Killed from afar by an orc wizard

Illustrated notes

Levels and vault maps discovered:
D:1:      shiori_arrival_oz, layout_basic, minmay_split_cup_large
D:2:      layout_loops_ring, basic_altar, lightli_corner_chamber,
          uniq_crazy_yiuf_cottage
D:3:      layout_rooms, columned_hall_lemuel, kennysheep_jessica_study
D:4:      layout_loops_corners, minmay_temple_entry_gardened_gates,
          minmay_rat_hole

Skill      XL: |  1  2  3  4  5 |
---------------+----------------+-----
Axes           | 3 4 |  4.1
Fighting       | 4 |  4.7
Dodging        | 1 |  1.1
Armour         | 4 |  4.9
Shields        | |  3.9

Action                   |  1- 3 |  4- 6 || total
-------------------------+-------+-------++-------
Melee: War axe           |   100 |   101 ||   201
Armor: Scale mail        |    52 |    42 ||    94
Dodge: Dodged            |    47 |    47 ||    94
Block: Buckler           |    27 |    20 ||    47
